 Dungeon Crawl Stone Soup version 0.30-a0-715-gdb4ae3ece1 (webtiles) character file.

Game seed: 6783621485203917161

935 drugrobin the Grappler (level 7, -15/56 HPs)
             Began as a Demigod Delver on Jan 24, 2023.
             Demolished by a boulder beetle (45 damage)
             ... on level 5 of the Dungeon.
             The game lasted 00:22:55 (6280 turns).

drugrobin the Grappler (Demigod Delver)             Turns: 6280, Time: 00:22:55

Health: -15/56     AC: 10    Str: 21    XL:     7   Next: 56%
Magic:  9/9        EV:  8    Int: 12    God:
Gold:   280        SH:  0    Dex: 15    Spells: 6/6 levels left

rFire   . . .      SeeInvis .    b - +2 quarterstaff (speed)
rCold   + . .      Faith    .    (shield currently unavailable)
rNeg    . . .      Spirit   .    f - +0 chain mail {rC+}
rPois   .          Reflect  .    (no helmet)
rElec   .          Harm     .    n - +0 cloak
rCorr   .          Rampage  .    j - +0 pair of gloves
Will    .....                    (no boots) Stlth
                                 (no amulet)
HPRegen 0.29/turn                (no ring)
MPRegen 0.11/turn                (no ring)

@: about to teleport
A: high MP 1, forlorn, divine attributes
a: no special abilities


You were on level 5 of the Dungeon.
You visited 2 branches of the dungeon, and saw 7 of its levels.

You collected 280 gold pieces.

Inventory:

Hand Weapons
 b - a +2 quarterstaff of speed (weapon)
 c - a +0 shortbow
 v - a +0 sling
Armour
 a - a +0 leather armour
 f - a +0 chain mail of cold resistance (worn)
 g - a scarf of shadows
 j - a +0 pair of gloves (worn)
 n - a +0 cloak (worn)
Wands
 t - a wand of digging (2)
 w - a wand of mindburst (14)
Scrolls
 h - a scroll of teleportation
 l - 4 scrolls of magic mapping
 m - 2 scrolls of poison
 o - a scroll of enchant armour {unknown}
 q - a scroll of torment {unknown}
 r - a scroll of amnesia {unknown}
 u - 2 scrolls of fog
Potions
 d - 2 potions of lignification {unknown}
 e - 2 potions of mutation
 i - a potion of magic {unknown}
 k - 4 potions of attraction
 p - 2 potions of curing


   Skills:
 - Level 2.6 Fighting
 - Level 1.7 Dodging
 - Level 4.5 Stealth
 + Level 8.5 Unarmed Combat


You had 6 spell levels left.
You didn't know any spells.
Your spell library contained the following spells:

 Spells                   Type           Power      Damage    Failure   Level
 Sandblast                Erth           0%         2d4       98%         1
 Shock                    Conj/Air       0%         1d3       98%         1
 Slow                     Hex            0%         N/A       98%         1
 Passwall                 Tmut/Erth      0%         N/A       99%         2
 Confusing Touch          Hex            0%         N/A       100%        3
 Kindle Blastsparks       Fire/Tloc/Air  0%         2d10      100%        3
 Ozocubu's Armour         Ice            0%         N/A       100%        3
 Portal Projectile        Hex/Tloc       0%         N/A       100%        3
 Stone Arrow              Conj/Erth      0%         3d7       100%        3
 Swiftness                Air            0%         N/A       100%        3
 Tukima's Dance           Hex            0%         N/A       100%        3
 Vampiric Draining        Necr           0%         2d6       100%        3
 Airstrike                Air            0%         2d(0-16)  100%        4
 Fulminant Prism          Conj/Hex       0%         3d5       100%        4
 Iskenderun's Mystic Bla  Conj/Tloc      0%         2d3       100%        4
 Olgreb's Toxic Radiance  Pois           0%         N/A       100%        4
 Blade Hands              Tmut           0%         N/A       100%        5
 Lee's Rapid Deconstruct  Erth           0%         3d4*      100%        5
 Metabolic Englaciation   Hex/Ice        0%         N/A       100%        5
 Simulacrum               Ice/Necr       0%         N/A       100%        6
 Ozocubu's Refrigeration  Ice            0%         4d7       100%        7
 Ignition                 Fire           0%         3d3       100%        8


Dungeon Overview and Level Annotations

Branches:
Dungeon (6/15)             Temple (1/1) D:6

Annotations:
D:2 Sigmund
D:3 exclusion: downstairs


Innate Abilities, Weirdness & Mutations

You have an increased reservoir of magic. (+10% MP)
You shall have no god before yourself.
Your divine heritage dramatically boosts your attributes as you level up.


Message History

Done exploring.
There is a stone staircase leading down here.
You climb downwards.
The boulder beetle bites you! x2
There is a stone staircase leading up, spattered with blood here.
Things that are here:
a +0 chain mail; a +0 long sword; an orc skeleton Unknown command.
Unknown command.
Unknown command.
Okay, then.
Unknown command.
The boulder beetle bites you but does no damage.
You climb upwards.
There is a stone staircase leading down here.
Throw: dart (curare)
Press: ? - help, Shift-Dir - straight line, f - boulder beetle
Aim: a boulder beetle (89% to hit)
You throw a curare-tipped dart.
The curare-tipped dart barely misses the boulder beetle.
The boulder beetle bites you.
Unknown command.
The boulder beetle attacks as you move away!
The boulder beetle bites you but does no damage.
The boulder beetle curls into a ball and begins rolling!
Things that are here:
a +0 robe; a +0 leather armour; a +4 hand axe Unknown command.
Unknown command.
Unknown command.
Unknown command.
Unknown command.
Unknown command.
Unknown command.
Unknown command.
Okay, then.
As you read the scroll labelled FYGI LUOBB, it crumbles to dust.
You feel strangely unstable.
It was a scroll of teleportation.
The boulder beetle hits you!!!
Ouch! That really hurt!
You die...

........#......#......#.###.#...#
###+###.##.....#.....#.....##..##
##..>##....##.#......#......####
..........#..###.....#.....##
..........#.....###.#......#
..........#........###.....#
..........#...........###.##
##...##...##....###....####
##...##...##...#@##.....#
##..............#B......#########
................#○.....##.......#
................#°...............
##...###'###...##......##.......#
##...##...###'###......##.......#
##........#.....#................
.'........#.....#................
.#........#<....#................


You could see a boulder beetle (rolling).

Vanquished Creatures
  An orc warrior (D:6)
  An ogre (D:5)
  A centaur (D:6)
  A kobold brigand (D:6)
  A scorpion (D:4)
  3 hounds
  An orc priest (D:3)
  3 jellies
  3 iguanas
  An orc wizard (D:5)
  12 adders
  2 ufetubi (D:4)
  2 worms (D:2)
  4 dart slugs
  12 orcs
  8 ball pythons
  7 endoplasms
  5 giant cockroaches
  8 goblins
  6 hobgoblins
  10 jackals
  3 quokkas
  5 bats
  A frilled lizard (D:3)
  6 kobolds
  5 rats
112 creatures vanquished.

Vanquished Creatures (others)
  7 fungi (D:3)
  6 plants (D:3)
13 creatures vanquished.

Grand Total: 125 creatures vanquished

Notes
Turn   | Place    | Note
-------+----------+-------------------------------------------
     0 | D:5      | drugrobin the Demigod Delver began the quest for the Orb.
     0 | D:5      | Reached XP level 1. HP: 18/18 MP: 3/3
    35 | D:5      | Noticed an orc wizard
    41 | D:5      | Noticed a jelly
    70 | D:4      | Noticed a scorpion
   194 | D:2      | Reached skill level 2 in Unarmed Combat
   500 | D:1      | Reached XP level 2. HP: 13/25 MP: 4/4
   504 | D:1      | HP: 1/25 [quokka (1)]
   769 | D:1      | Reached skill level 3 in Unarmed Combat
   951 | D:1      | Reached XP level 3. HP: 26/30 MP: 5/5
  1300 | D:2      | Noticed Sigmund
  1520 | D:2      | Reached skill level 4 in Unarmed Combat
  1821 | D:3      | Reached XP level 4. HP: 35/37 MP: 6/6
  3114 | D:3      | Reached skill level 5 in Unarmed Combat
  3114 | D:3      | Reached XP level 5. HP: 26/42 MP: 7/7
  3743 | D:4      | Reached skill level 6 in Unarmed Combat
  3743 | D:4      | Reached XP level 6. HP: 21/50 MP: 8/8
  4377 | D:5      | Noticed a water moccasin
  4768 | D:5      | Reached skill level 7 in Unarmed Combat
  5065 | D:6      | Found a staircase to the Ecumenical Temple.
  5143 | Temple   | Entered the Ecumenical Temple
  5165 | Temple   | Reached XP level 7. HP: 21/56 MP: 9/9
  5552 | D:6      | Noticed a boulder beetle
  5652 | D:6      | Reached skill level 8 in Unarmed Combat
  6280 | D:5      | Demolished by a boulder beetle

Illustrated notes

Levels and vault maps discovered:
D:1:      psy_arrival_spokes, layout_basic
D:2:      wad_crossroads, layout_basic, uniq_sigmund
D:3:      layout_basic, dreamdust_ecumenical_altar_hidden_monk_grotto
D:4:      minmay_angry_zag, layout_basic, eino_tiny_chamber
D:5:      nicolae_BIG_FREAKIN_CUBE, layout_gridville,
          amethyst_overflow_temple_binary
D:6:      cheibrodos_fzero, layout_basic, marbit_many_paths,
          minmay_temple_entry_drinking_statues,
          minmay_a_box_with_orc_wizards_in_it
Temple:   regret_index_temple_mists

Skill      XL: |  1  2  3  4  5  6  7 |
---------------+----------------------+-----
Unarmed Combat | 2 3 4 5 6 7 8 |  8.5
Fighting       | |  2.6
Dodging        | |  1.7
Stealth        | |  4.5

Action                     |  1- 3 |  4- 6 |  7- 9 || total
---------------------------+-------+-------+-------++-------
  Melee: Unarmed           |   224 |   295 |    30 ||   549
         Punch             |     6 |     8 |     1 ||    15
         Quarterstaff      |       |       |    19 ||    19
  Throw: Dart              |       |       |     4 ||     4
  Evoke: Wand              |     2 |     1 |       ||     3
    Use: Scroll            |     1 |     4 |     1 ||     6
         Potion            |     1 |     3 |       ||     4
   Stab: Sleeping          |     3 |       |       ||     3
 Armour: Leather armour    |    22 |       |       ||    22
         Chain mail        |    84 |   239 |    24 ||   347
  Dodge: Dodged            |    85 |   158 |    12 ||   255

Table legend: (Time is in decaauts)
 A = Elapsed time spent in this place.
 B = Non-inter-level travel time spent in this place.
 C = Inter-level travel time spent in this place.
 D = Time resting spent in this place.
 E = Time spent auto-exploring this place.
 F = Levels seen in this place.
 G = Mean time per level.
                   A        B        C        D        E       F      G
               +--------+--------+--------+--------+--------+-----+--------+
         Total |   6170 |   5826 |    344 |   1116 |   2802 |   7 |  881.4 |
       Dungeon |   6030 |   5686 |    344 |    996 |   2802 |   6 | 1005.0 |
        Temple |    139 |    139 |      0 |    120 |      0 |   1 |  139.0 |
               +--------+--------+--------+--------+--------+-----+--------+

Top non-repeatable levels by time:
     D:3: 1797 daAuts
     D:5: 1232 daAuts
     D:4: 1032 daAuts
     D:1: 820 daAuts
     D:2: 632 daAuts
     D:6: 514 daAuts
  Temple: 139 daAuts
